 Dungeon Sprint DCSS version 0.28.0-45-g0d030f2227 (webtiles) character file.

Game seed: 13989265898505990682

4253 Groucho the Imperceptible (level 10, -1/44 HPs)
             Began as a Spriggan Enchanter on Apr 4, 2022.
             Was a Believer of Kikubaaqudgha.
             Succumbed to a death drake's foul vapour
             ... in the Dungeon (Sprint II: "The Violet Keep of Menkaure").
             The game lasted 00:12:26 (1183 turns).

Groucho the Imperceptible (Spriggan Enchanter)      Turns: 1183, Time: 00:12:27

Health: -1/44      AC:  2    Str:  8    XL:     10   Next: 10%
Magic:  28/28      EV: 23    Int: 17    God:    Kikubaaqudgha [**....]
Gold:   1103       SH:  0    Dex: 16    Spells: 25/36 levels left

rFire   . . .      SeeInvis +   a - +1 dagger
rCold   . . .      Faith    .   (no shield)
rNeg    . . .      Spirit   .   b - +0 robe
rPois   .          Reflect  .   (helmet restricted)
rElec   .          Harm     .   (no cloak)
rCorr   .          Rampage  .   (gloves unavailable)
Will    +....      NoTele   +   (boots unavailable)
Stlth   ++++++++..              (no amulet)
HPRegen 0.14/turn               (no ring)
MPRegen 0.21/turn               (no ring)

@: lethally poisoned (-1 -> -8), very quick
A: very small, no large weapons, unfitting armour, see invisible, speed 3
a: Renounce Religion, Receive Corpses


You were in the Dungeon.
You worshipped Kikubaaqudgha.
Kikubaaqudgha was pleased with you.
You visited 1 branch You collected 1142 gold pieces.
You spent 39 gold pieces at shops.

Inventory:

Hand Weapons
 a - a +1 dagger (weapon)
Armour
 b - a +0 robe (worn)
Potions
 f - a potion of haste
 g - 2 potions of magic


   Skills:
 + Level 8.3 Short Blades
 + Level 10.2 Dodging
 + Level 21.4 Stealth
 + Level 13.8 Spellcasting
 + Level 14.0 Hexes


You had 25 spell levels left.
You knew the following spells:

 Your Spells              Type           Power      Damage    Failure   Level
a - Confusing Touch       Hex            56%        N/A       1%          3
b - Ensorcelled Hibernat  Hex/Ice        70%        N/A       1%          2
c - Dazzling Flash        Conj/Hex       70%        N/A       1%          3
d - Tukima's Dance        Hex            56%        N/A       1%          3

Your spell library contained the following spells:

 Spells                   Type           Power      Damage    Failure   Level
 Animate Skeleton         Necr           22%        N/A       6%          1
 Sublimation of Blood     Necr           11%        N/A       9%          2
 Vampiric Draining        Necr           11%        2d6       17%         3
 Agony                    Necr           11%        N/A       85%         5


Dungeon Overview and Level Annotations

Branches:
Dungeon (1/1)

Altars:
Cheibriados
Dithmenos
Elyvilon
Fedhas
Gozag
Hepliaklqana
Kikubaaqudgha
Makhleb
Nemelex Xobeh
Okawaru
Qazlal
Ru
Sif Muna
Trog
Uskayaw
Vehumet
Wu Jian
Xom
Yredelemnul
Zin
The Shining One
Beogh
Jiyva
Lugonu

Shops:
D :!(![:*([??!===

Annotations:
D exclusion: oklob plant


Innate Abilities, Weirdness & Mutations

You are very small and have problems with some larger weapons.
You are too small for most types of armour.
You have supernaturally acute eyesight. (SInv)
You cover ground extremely quickly. (Speed+++)


Message History

You feel very sick. The swamp drake misses you. The death drake bites you.
* * * LOW HITPOINT WARNING * * *
Unknown command.
Unknown command.
Unknown command.
Unknown command.
Unknown command.
Unknown command.
You bump into the stone wall.
* * * LOW HITPOINT WARNING * * *
You feel very sick.
Unknown command.
* * * LOW HITPOINT WARNING * * *
You feel sick.
Unknown command.
Unknown command.
Unknown command.
You bump into the stone wall.
* * * LOW HITPOINT WARNING * * *
You feel very sick. The death drake barely misses you.
The swamp drake fails to trigger a net trap.
The swamp drake completely misses you.
Unknown command.
Unknown command.
Unknown command.
You hit the death drake.
The death drake is lightly wounded.
* * * LOW HITPOINT WARNING * * *
You feel sick. The swamp drake breathes poison at you.
The noxious blast engulfs the death drake but does no damage.
The death drake is poisoned.
Unknown command.
Unknown command.
You bump into the stone wall.
You feel less confused.
You die...
Kikubaaqudgha rasps: "You have failed me!
Welcome... death!"

≈## ≈≈#+++# .. ## ≈≈.... .. ..
k# ≈≈≈.##+##.. #. .#
≈≈≈##...##.#### +.##.#
≈≈≈#.##..# ...# .^○####
≈####.######..#####○○##.# ?)(
##.###'###.##..#kkkk○#..#▓)?!))
#...##.##...#..#@○#..#..#▓=$($([
'##.'.<.'###'..####..##)#▓?=$?()
#...##.##...#....###...##▓▓▓▓▓▓▓
##.###'###.##.§.§.§≈≈≈≈≈≈≈≈≈≈≈≈≈
≈####.#.####≈≈.§..§≈#'########+#
≈≈≈#.###.#≈≈≈§≈≈§.§§#....._._#≈≈
'#≈##.#.##≈≈≈≈§≈≈≈§≈#...._._.#§≈
.#≈≈##+##≈≈§≈≈§§≈≈§≈#..._._._#§≈
## ≈≈≈ ≈≈≈§≈§§§§§≈≈#.._._._.#§§


You could see 2 death drakes and 2 swamp drakes.

Vanquished Creatures
  2 boulder beetles (D)
  A yaktaur (D)
  A blink frog (D)
  A hornet (D)
  3 polar bears (D)
  3 slime creatures (D)
  2 wyverns (D)
  Menkaure (D)
  4 neqoxecs (D)
  4 necrophages (D)
22 creatures vanquished.

Vanquished Creatures (others)
  A water moccasin (D)
1 creature vanquished.

Grand Total: 23 creatures vanquished

Notes
Turn   | Place    | Note
-------+----------+-------------------------------------------
     0 | D        | Groucho the Spriggan Enchanter began the quest for the Orb.
     0 | D        | Reached XP level 1. HP: 9/9 MP: 5/5
     1 | D        | Noticed a necrophage
     1 | D        | Noticed a necrophage
     1 | D        | Noticed a necrophage
     1 | D        | Noticed a necrophage
     6 | D        | Killed a necrophage
     7 | D        | Reached skill level 5 in Dodging
     7 | D        | Reached skill level 7 in Stealth
     7 | D        | Reached skill level 5 in Spellcasting
     7 | D        | Reached skill level 5 in Hexes
     7 | D        | Reached XP level 2. HP: 13/13 MP: 6/9
     7 | D        | Reached XP level 3. HP: 16/16 MP: 6/10
     7 | D        | Reached XP level 4. HP: 21/21 MP: 7/12
    14 | D        | Killed a necrophage
    15 | D        | Reached skill level 5 in Short Blades
    15 | D        | Reached skill level 8 in Stealth
    15 | D        | Reached XP level 5. HP: 24/24 MP: 7/14
    22 | D        | Killed a necrophage
    23 | D        | Reached skill level 9 in Stealth
    39 | D        | Killed a necrophage
    40 | D        | Reached skill level 11 in Stealth
    40 | D        | Reached XP level 6. HP: 12/28 MP: 10/17
    45 | D        | Noticed a neqoxec
    48 | D        | Killed a neqoxec
    49 | D        | Reached skill level 12 in Stealth
    49 | D        | Noticed a neqoxec
    50 | D        | Killed a neqoxec
    51 | D        | Reached skill level 14 in Stealth
    51 | D        | Reached XP level 7. HP: 15/32 MP: 12/20
    51 | D        | Noticed a neqoxec
    51 | D        | Noticed a neqoxec
    53 | D        | Killed a neqoxec
    54 | D        | Reached skill level 15 in Stealth
    54 | D        | Reached skill level 10 in Hexes
    55 | D        | Killed a neqoxec
    56 | D        | Reached skill level 10 in Spellcasting
    64 | D        | Noticed a boulder beetle
    64 | D        | Noticed a boulder beetle
    67 | D        | Killed a boulder beetle
    68 | D        | Reached skill level 18 in Stealth
    68 | D        | Reached XP level 8. HP: 18/36 MP: 15/24
    70 | D        | Killed a boulder beetle
    71 | D        | Reached skill level 19 in Stealth
    71 | D        | Reached XP level 9. HP: 20/39 MP: 15/26
    81 | D        | Reached skill level 20 in Stealth
   443 | D        | Learned a level 3 spell: Confusing Touch
   446 | D        | Learned a level 2 spell: Ensorcelled Hibernation
   450 | D        | Learned a level 3 spell: Dazzling Flash
   454 | D        | Learned a level 3 spell: Tukima's Dance
   464 | D        | Found Paptuikk's Antique Weapon Shoppe.
   464 | D        | Found Yfagriv's Magic Scroll Shoppe.
   464 | D        | Found Jymnyny's Jewellery Shoppe.
   464 | D        | Found Qoch's Assorted Antiques.
   464 | D        | Found Ashusk's Jewellery Shoppe.
   464 | D        | Found Ticzoazo's Magic Scroll Emporium.
   465 | D        | Found Duimm's Jewellery Emporium.
   465 | D        | Found Lopan's Antique Armour Shoppe.
   465 | D        | Found Nadomn's Antique Armour Shoppe.
   465 | D        | Found Bipane's Distillery.
   466 | D        | Found Xodiquul's Weapon Shoppe.
   466 | D        | Found Ynweoluj's Distillery.
   466 | D        | Found Raallas's Book Emporium.
   466 | D        | Found Faxeoxzo's Distillery.
   466 | D        | Noticed Menkaure
   466 | D        | Noticed a death yak
   480 | D        | Noticed a hell hog
   514 | D        | Killed Menkaure
   515 | D        | Noticed a hell hog
   516 | D        | Noticed an oklob plant
   517 | D        | Found Kyeniet's Book Shoppe.
   524 | D        | Bought a potion of flight for 39 gold pieces
   525 | D        | Noticed a manticore
   695 | D        | Found a snail-covered altar of Cheibriados.
   696 | D        | Found a shadowy altar of Dithmenos.
   697 | D        | Found a white marble altar of Elyvilon.
   697 | D        | Found an ancient bone altar of Kikubaaqudgha.
   697 | D        | Found a viscous altar of Jiyva.
   698 | D        | Found a blossoming altar of Fedhas.
   698 | D        | Found a corrupted altar of Lugonu.
   698 | D        | Found a shimmering blue altar of Sif Muna.
   700 | D        | Found an opulent altar of Gozag.
   700 | D        | Found a burning altar of Makhleb.
   700 | D        | Found a bloodstained altar of Trog.
   701 | D        | Found a sparkling altar of Nemelex Xobeh.
   701 | D        | Found a hide-covered altar of Uskayaw.
   702 | D        | Found a basalt altar of Yredelemnul.
   703 | D        | Found an iron altar of Okawaru.
   703 | D        | Found a radiant altar of Vehumet.
   703 | D        | Found a glowing silver altar of Zin.
   703 | D        | Found a hazy altar of Hepliaklqana.
   703 | D        | Found a sacrificial altar of Ru.
   703 | D        | Found a shimmering altar of Xom.
   703 | D        | Noticed a polar bear
   704 | D        | Found a stormy altar of Qazlal.
   704 | D        | Found an ornate altar of the Wu Jian Council.
   704 | D        | Found a glowing golden altar of the Shining One.
   704 | D        | Noticed a yaktaur
   718 | D        | Became a worshipper of Kikubaaqudgha
   724 | D        | Noticed a polar bear
   724 | D        | Noticed a polar bear
   735 | D        | Killed a polar bear
   741 | D        | Killed a polar bear
   746 | D        | Reached * piety under Kikubaaqudgha
   746 | D        | Received a gift from Kikubaaqudgha
   751 | D        | Killed a polar bear
   752 | D        | Reached skill level 21 in Stealth
   764 | D        | Killed a yaktaur
  1153 | D        | Noticed a death drake
  1159 | D        | Reached ** piety under Kikubaaqudgha
  1160 | D        | Reached XP level 10. HP: 44/44 MP: 28/28
  1161 | D        | Reached skill level 10 in Dodging
  1171 | D        | Noticed a death drake
  1181 | D        | HP: 2/44 [poisoned by a death drake (foul vapour)]
  1183 | D        | Succumbed to a death drake's foul vapour

Illustrated notes

Levels and vault maps discovered:
D:        the_violet_keep_of_menkaure [sprint2_stairs_cluster_1,
          sprint2_shoproom, sprint2_temple, sprint2_basic_supplies,
          sprint2_obstacle_2, sprint2_obstacle_6, sprint2_obstacle_5,
          sprint2_obstacle_3, sprint2_obstacle_4, sprint2_timed_cluster_1,
          sprint2_smallroom_cluster_1, sprint2_smallroom_final_cluster_1,
          sprint2_transparent_cluster_1, sprint2_second_timed_cluster_1,
          sprint2_sniper_area_1, sprint2_heavy_combat_area_1,
          sprint2_mutation_trap_area_1, sprint2_forest_area_1,
          sprint2_light_combat_area_1, sprint2_behind_water_1,
          sprint2_near_end_vault_1]

Skill      XL: |  1  2  3  4  5  6  7  8  9 10 |
---------------+-------------------------------+-----
Short Blades   | 4 5 6 7 8 |  8.3
Dodging        | 5 6 7 9 10 | 10.2
Stealth        | 7 8 11 14 18 19 21 | 21.4
Spellcasting   | 5 6 7 9 11 12 13 | 13.8
Hexes          | 5 6 8 9 11 12 13 14 | 14.0

Action                   |  1- 3 |  4- 6 |  7- 9 | 10-12 || total
-------------------------+-------+-------+-------+-------++-------
Melee: Dagger            |     4 |    23 |    40 |     4 ||    71
 Cast: Ensorcelled Hiber |       |       |     7 |     1 ||     8
       Confusing Touch   |       |       |     5 |       ||     5
  Use: Potion            |     1 |     2 |     2 |       ||     5
       Scroll            |       |       |     1 |       ||     1
 Stab: Invisible         |       |     1 |     1 |       ||     2
       Sleeping          |       |     2 |     8 |     2 ||    12
       Confused          |       |       |     7 |       ||     7
Armor: Robe              |       |     1 |     1 |       ||     2
Dodge: Dodged            |     2 |    11 |    33 |     7 ||    53
